 Dungeon Crawl Stone Soup version 0.26.1-11-gd32895ea62 (webtiles) character file.

Game seed: 17049970516958181295

11784 tardwrangler69 the Impaler (level 11, -7/92 HPs)
             Began as a Merfolk Gladiator on Apr 27, 2021.
             Was a High Priest of Okawaru.
             Mangled by a polar bear (18 damage)
             ... in an ice cave.
             The game lasted 00:18:18 (12506 turns).

tardwrangler69 the Impaler (Merfolk Gladiator)     Turns: 12506, Time: 00:18:19

Health: -7/92      AC: 11    Str: 17    XL:     11   Next: 83%
Magic:  10/12      EV: 22    Int:  8    God:    Okawaru [*****.]
Gold:   676        SH:  0    Dex: 16    Spells: 10/10 levels left

rFire    . . .     SeeInvis .   a - +1 trident
rCold    . . .     Faith    .   (no shield)
rNeg     . . .     Spirit   .   p - +1 ring mail {Will+}
rPois    .         Reflect  .   c - +0 helmet
rElec    +         Harm     .   H - +0 cloak
rCorr    .         Rampage  .   g - +0 pair of gloves
Will     ++...                  P - +1 pair of boots
Stlth    +.........             m - amulet of the acrobat
HPRegen  0.25/turn              J - ring of Gich {rElec Will+}
MPRegen  0.13/turn              D - +4 ring of evasion

@: no status effects
A: change form in water, swift swim, stealthy swim
a: Renounce Religion, Heroism, Finesse


You were in an ice cave.
You worshipped Okawaru.
Okawaru was extremely pleased with you.
You visited 1 branch of the dungeon, and saw 11 of its levels.
You also visited: Ice Cave.

You collected 706 gold pieces.
You spent 30 gold pieces at shops.

Inventory:

Hand Weapons
 a - a +1 trident (weapon)
 x - the +3 spear of Accord {freeze, rElec rN+ Stlth-}
   (You found it on level 8 of the Dungeon)

   It has been specially enchanted to freeze those struck by it, causing extra
   injury to most foes and up to half again as much damage against particularly
   susceptible opponents.
   It can also slow down cold-blooded creatures.
   It insulates you from electricity.
   It protects you from negative energy.
   It makes you less stealthy.
Missiles
 d - 8 throwing nets (quivered)
 C - 58 poisoned darts
 I - 4 silver boomerangs
Armour
 c - a +0 helmet (worn)
 g - a +0 pair of gloves (worn)
 p - a +1 ring mail of willpower (worn)
 H - a +0 cloak (worn)
 P - a +1 pair of boots (worn)
Jewellery
 f - an uncursed ring of poison resistance
 i - an uncursed ring of see invisible
 m - an amulet of the acrobat (around neck)
 A - an uncursed ring of protection from fire
 D - a +4 ring of evasion (right hand)
 J - the ring of Gich (left hand) {rElec Will+}
   (You found it on level 8 of the Dungeon)

   [ring of willpower]

   It insulates you from electricity.
   It affects your willpower, your defense against some magical effects.
Wands
 s - a wand of digging (15)
 z - a wand of paralysis (22)
 E - a wand of polymorph (19)
 G - a wand of random effects (29)
Scrolls
 e - a scroll of fog
 h - a scroll of enchant weapon
 j - 3 scrolls of remove curse
 k - 4 scrolls of teleportation
 r - 9 scrolls of identify
 u - a scroll of amnesia
 y - a scroll of immolation {unknown}
 F - 2 scrolls of blinking {unknown}
 K - a scroll of enchant armour {unknown}
 O - a scroll of random uselessness {unknown}
Potions
 b - 3 potions of curing
 l - 2 potions of resistance
 n - 2 potions of flight
 o - 2 potions of lignification {unknown}
 q - 2 potions of degeneration {unknown}
 t - 3 potions of brilliance
 v - 5 potions of mutation {unknown}
 B - 4 potions of invisibility
 M - 2 potions of haste {unknown}


   Skills:
 - Level 10.5 Fighting
 - Level 17.8 Polearms
 - Level 2.0 Throwing
 + Level 10.6 Dodging
 - Level 4.0 Shields
 * Level 1.6 Invocations


You had 10 spell levels left.
You didn't know any spells.
Your spell library contained the following spells:

 Spells                   Type           Power        Failure   Level
 Irradiate                Conj/Tmut      0%           100%        5
 Hydra Form               Tmut           0%           100%        6
 Statue Form              Tmut/Erth      0%           100%        6
 Dragon Form              Tmut           0%           100%        7


Dungeon Overview and Level Annotations

Branches:
Dungeon (11/15)            Temple (0/1) D:5            Lair (0/6) D:10
    Orc (0/2) D:10          IceCv (1/1)

Altars:
Kikubaaqudgha
Okawaru
Ru
Trog
Vehumet
Wu Jian

Shops:
D:4 ?   D:11 [


Message History

The polar bear claws you but does no damage.
The polar bear completely misses you.
You closely miss the polar bear.
The polar bear is severely wounded.
The yak gores you but does no damage. The polar bear misses you.
The polar bear claws you.
* * * LOW HITPOINT WARNING * * *
The polar bear claws you.
* * * LOW HITPOINT WARNING * * *
You puncture the polar bear!
The polar bear is severely wounded.
The polar bear goes berserk!
The polar bear barely misses you. x2
The polar bear claws you.
* * * LOW HITPOINT WARNING * * *
You completely miss the polar bear.
The polar bear is severely wounded.
The yak gores you!
* * * LOW HITPOINT WARNING * * *
The polar bear bites you!!
You die...

.......
...h.
..Y. #hY#
#..##
#..##
##..#
##h..#
##@hY##
#.Yh##
#...##
##...#
##.††##
##.....##
#...∩...#
#.......#
##..∩..##


You could see 3 polar bears and 2 yaks.

Vanquished Creatures
  A hydra (D:8)
  Harold (D:8)
  A cyclops (D:11)
  A gargoyle (D:10)
  2 komodo dragons (D:10)
  2 ice devils (D:11)
  A polar bear (IceCv)
  2 trolls (D:10)
  Prince Ribbit (D:7)
  Sigmund (D:3)
  A wyvern (D:8)
  8 yaks
  Menkaure (D:6)
  2 water moccasins (D:10)
  Duvessa (D:6)
  2 orc warriors
  4 ice beasts
  4 black bears
  2 sky beasts
  3 ogres
  2 necrophages
  An eye of draining (D:8)
  4 wolves (IceCv)
  4 centaurs
  3 big kobolds
  7 bullfrogs
  Dowan (D:6)
  A wyvern skeleton (D:10)
  6 scorpions
  3 jellies
  4 killer bees (D:10)
  2 howler monkeys
  A wight (D:10)
  A vampire bat (D:5)
  A quasit (D:10)
  A centaur zombie (D:10)
  3 gnoll shamans
  A bullfrog zombie (D:8)
  5 orc priests
  Crazy Yiuf (D:6)
  6 hounds
  4 bullfrog skeletons
  16 orc wizards
  11 worker ants
  12 adders
  60 gnolls
  A shadow imp (D:8)
  A white imp (D:8)
  5 ufetubi
  An ooze (D:1)
  An adder zombie (D:7)
  2 worms
  2 dart slugs
  5 leopard geckos
  36 orcs
  3 ball pythons
  8 bats
  2 bat skeletons (D:5)
  3 bat zombies (D:5)
  7 giant cockroaches
  5 hobgoblins
  18 jackals
  A quokka (D:8)
  5 frilled lizards
  9 goblins
  16 kobolds
  2 leopard gecko skeletons
  5 rats
340 creatures vanquished.

Vanquished Creatures (others)
  48 fungi
  46 plants (D:10)
94 creatures vanquished.

Grand Total: 434 creatures vanquished

Notes
Turn   | Place    | Note
-------+----------+-------------------------------------------
     0 | D:1      | tardwrangler69 the Merfolk Gladiator began the quest for
                  | the Orb.
     0 | D:1      | Reached XP level 1. HP: 16/16 MP: 1/1
    94 | D:1      | Reached XP level 2. HP: 23/23 MP: 2/2
   132 | D:1      | Reached skill level 5 in Polearms
   600 | D:1      | Reached XP level 3. HP: 28/28 MP: 3/3
  1236 | D:2      | Reached skill level 6 in Polearms
  2034 | D:3      | Reached XP level 4. HP: 22/35 MP: 4/4
  2383 | D:3      | Reached skill level 7 in Polearms
  2383 | D:3      | Reached XP level 5. HP: 33/42 MP: 5/5
  2467 | D:3      | Found an ornate altar of the Wu Jian Council.
  2485 | D:3      | Found a bloodstained altar of Trog.
  2490 | D:3      | Found a radiant altar of Vehumet.
  2492 | D:3      | Found an iron altar of Okawaru.
  2762 | D:3      | Noticed Sigmund
  2783 | D:3      | Killed Sigmund
  2784 | D:3      | Reached skill level 8 in Polearms
  2784 | D:3      | Reached XP level 6. HP: 40/49 MP: 6/6
  2996 | D:3      | Found a sacrificial altar of Ru.
  3109 | D:3      | Became a worshipper of Warmaster Okawaru
  3244 | D:4      | Found Soegoat's Magic Scroll Shop.
  3252 | D:4      | Bought a scroll of teleportation for 30 gold pieces
  3276 | D:4      | Reached skill level 9 in Polearms
  3337 | D:4      | Reached XP level 7. HP: 21/55 MP: 7/7
  3863 | D:5      | Entered Level 5 of the Dungeon
  4044 | D:4      | Reached skill level 5 in Fighting
  4306 | D:5      | Reached * piety under Okawaru
  4307 | D:5      | Reached skill level 10 in Polearms
  4396 | D:5      | Found an ancient bone altar of Kikubaaqudgha.
  4840 | D:5      | Reached XP level 8. HP: 32/64 MP: 8/8
  4950 | D:5      | Reached skill level 11 in Polearms
  5562 | D:5      | Found a staircase to the Ecumenical Temple.
  5588 | D:5      | Reached ** piety under Okawaru
  5816 | D:5      | Reached skill level 12 in Polearms
  6450 | D:6      | Reached skill level 13 in Polearms
  6450 | D:6      | Reached XP level 9. HP: 48/72 MP: 9/9
  6656 | D:6      | Noticed Duvessa
  6657 | D:6      | Noticed Dowan
  6670 | D:6      | Killed Duvessa
  6677 | D:6      | Noticed Menkaure
  6688 | D:6      | Killed Dowan
  6692 | D:6      | Killed Menkaure
  7093 | D:6      | Found a runed translucent door.
  7094 | D:6      | Noticed Crazy Yiuf
  7099 | D:6      | Killed Crazy Yiuf
  7254 | D:7      | Noticed Prince Ribbit
  7304 | D:7      | Reached skill level 14 in Polearms
  7494 | D:7      | Reached *** piety under Okawaru
  7542 | D:7      | Killed Prince Ribbit
  7850 | D:7      | Reached skill level 15 in Polearms
  8074 | D:7      | You fall into a shaft and drop 2 floors!
  8078 | D:9      | You fall into a shaft and drop 1 floor!
  8078 | D:10     | Entered Level 10 of the Dungeon
  8205 | D:8      | Reached XP level 10. HP: 81/83 MP: 10/10
  8626 | D:8      | Reached skill level 16 in Polearms
  8650 | D:8      | Reached **** piety under Okawaru
  8663 | D:8      | Noticed Harold
  8691 | D:8      | Killed Harold
  8892 | D:8      | Got a shimmering spear
  8893 | D:8      | Identified the cursed +3 spear of Accord {freeze, rElec rN+
                  | Stlth-} (You found it on level 8 of the Dungeon)
  8909 | D:8      | Noticed a four-headed hydra
  8936 | D:8      | Killed a four-headed hydra
  8936 | D:8      | Reached ***** piety under Okawaru
  8937 | D:8      | Reached skill level 10 in Fighting
  8937 | D:8      | Reached skill level 17 in Polearms
  8953 | D:8      | Received a gift from Okawaru
  9091 | D:8      | Got a brightly glowing wooden ring
  9312 | D:8      | Found a sacrificial altar of Ru.
  9379 | D:8      | Reached XP level 11. HP: 92/92 MP: 11/11
  9511 | D:8      | Reached skill level 1 in Shields
  9736 | D:8      | Identified the ring of Gich {rElec Will+} (You found it on
                  | level 8 of the Dungeon)
 10274 | D:9      | Reached skill level 5 in Dodging
 10957 | D:10     | Found a staircase to the Orcish Mines.
 11090 | D:10     | Found a staircase to the Lair.
 11118 | D:10     | Received a gift from Okawaru
 11953 | D:11     | Found Rojoutt's Armour Boutique.
 11976 | D:11     | Noticed a cyclops
 12011 | D:11     | Killed a cyclops
 12038 | D:11     | Found a frozen archway.
 12064 | D:11     | HP: 1/92 [ice devil (20)]
 12089 | D:11     | Reached skill level 10 in Dodging
 12333 | IceCv    | Entered an ice cave
 12498 | IceCv    | Reached skill level 1 in Invocations
 12506 | IceCv    | Mangled by a polar bear

Illustrated notes

Levels and vault maps discovered:
D:1:      roderic_dead_forest, layout_basic
D:2:      layout_basic
D:3:      layout_basic, minitemple, lemuel_coloured_pillars_altar, uniq_sigmund
D:4:      layout_basic, serial_shops,
          nicolae_shop_temple_entry_statues_fountains
D:5:      lemuel_castle_with_subvaults [lemuel_castle_interior_original],
          layout_loops_corners, kennysheep_vampire_church,
          minmay_temple_entry_statues_fountains
D:6:      layout_gridville, uniq_duvessa, uniq_menkaure, uniq_crazy_yiuf_cottage
D:7:      layout_basic, nicolae_ossuary_entry_monument, serial_bayou_crossing,
          uniq_prince_ribbit1
D:8:      cheibrodos_ideogram_h, layout_loops_ring, st_stairs_6,
          nicolae_ru_sacrificial_ziggurat, uniq_harold
D:9:      layout_loops_cross, enter_bailey_4
D:10:     layout_roguey, due_lair_maze_entry_diamond,
          chequers_hall_statues_corner_a
D:11:     layout_roguey, portal_ice_cave_demonic_guard, serial_shops,
          nicolae_shop_temple_entry_statues_fountains
IceCv:    ice_cave_small_giant

Skill      XL: |  1  2  3  4  5  6  7  8  9 10 11 |
---------------+----------------------------------+-----
Polearms       | 5 6 7 8 9 10 13 15 17 | 17.8
Fighting       | 3 4 5 7 9 10 | 10.5
Shields        | 4 |  4.0
Dodging        | 10 | 10.6
Invocations    | 1 |  1.6
Throwing       | |  2.0

Action                   |  1- 3 |  4- 6 |  7- 9 | 10-12 || total
-------------------------+-------+-------+-------+-------++-------
Melee: Trident           |   134 |   140 |   694 |   323 ||  1291
       Tailslap          |       |       |     5 |     2 ||     7
       Punch             |       |       |     5 |     1 ||     6
       Spear             |       |       |       |   351 ||   351
Invok: Heroism           |       |       |     9 |     8 ||    17
       Finesse           |       |       |       |     2 ||     2
  Use: Scroll            |     4 |     1 |     3 |     3 ||    11
       Potion            |       |     2 |     5 |     2 ||     9
 Stab: Sleeping          |     2 |       |       |       ||     2
Armor: Leather armour    |    17 |       |       |       ||    17
       Ring mail         |     4 |    43 |   106 |   107 ||   260
Dodge: Dodged            |    83 |    74 |   376 |   432 ||   965
